 Dungeon Crawl Stone Soup version 0.22.1-1-ga44c0e5 (webtiles) character file.

126 seyes the Changer (level 5, -2/33 HPs)
             Began as an Octopode Transmuter on Oct 20, 2018.
             Slain by Natasha (7 damage)
             ... on level 2 of the Dungeon.
             The game lasted 00:05:36 (1971 turns).

seyes the Changer (Octopode Transmuter)             Turns: 1971, Time: 00:05:37

Health: -2/33      AC:  1    Str:  9    XL:     5   Next: 9%
Magic:  8/8        EV: 13    Int: 16    God:
Gold:   77         SH:  0    Dex: 13    Spells: 5/8 levels left

rFire    . . .     SeeInvis .     - Unarmed
rCold    . . .     Gourm    .   (no shield)
rNeg     . . .     Faith    .   (helmet restricted)
rPois    .         Spirit   .   (no amulet)
rElec    .         Reflect  .   (no ring)
rCorr    .         Harm     .   (no ring)
MR       .....                  (no ring)
Stlth    ++........             (no ring)
HPRegen  0.11/turn              (no ring)
MPRegen  0.11/turn              (no ring)
                                (no ring)
                                (no ring)

@: appendage, slowed, very slow
A: almost no armour, stealthy swim, amphibious, 8 rings, constrict 8, tentacle
spike 3, camouflage 1, gelatinous body 1
a: End Transformation


You were on level 2 of the Dungeon.
You were not hungry.
One of your tentacles had a temporary spike.
You visited 1 branch of the dungeon, and saw 2 of its levels.

You collected 77 gold pieces.

Inventory:

Missiles
 a - 73 arrows
 d - 77 stones
 k - 4 javelins (quivered)
Scrolls
 b - a scroll of blinking {unknown}
 e - 4 scrolls of remove curse {unknown}
 f - a scroll of magic mapping {unknown}
 g - a scroll of immolation {unknown}
 j - a scroll of fog {unknown}
Potions
 h - a potion of curing {unknown}
 i - a potion of degeneration {unknown}
Comestibles
 c - 4 rations
 l - a chunk of flesh


   Skills:
 - Level 1.0 Fighting
 - Level 2.0 Dodging
 - Level 3.0 Unarmed Combat
 - Level 2.0 Spellcasting
 + Level 5.1 Transmutations


You had 5 spell levels left.
You knew the following spells:

 Your Spells              Type           Power        Failure   Level  Hunger
a - Beastly Appendage     Tmut           ###...       2%          1    #......
t - Sticks to Snakes      Tmut           ###.....     3%          2    ###....

Your spell library contained the following spells:

 Spells                   Type           Power        Failure   Level  Hunger
 Spider Form              Tmut/Pois      #.........   22%         3    ###....
 Blade Hands              Tmut           ###.......   56%         5    ######.
 Ice Form                 Ice/Tmut       #.......     58%         4    #####..


Dungeon Overview and Level Annotations

Branches:
Dungeon (2/15)

Altars:
Makhleb

Annotations:
D:2 Natasha


Innate Abilities, Weirdness & Mutations

You cannot wear most types of armour.
You are very stealthy in the water. (Stealth+)
You are amphibious.
You can wear up to eight rings at the same time.
You can use your tentacles to constrict eight enemies at once.
Your skin changes colour to match your surroundings (Stealth+).
Your rubbery body absorbs attacks. (AC +1, EV +1)
One of your tentacles bears a large vicious spike.


Message History

You squeeze Natasha, but do no damage. You constrict Natasha.
Natasha casts a spell at you.
You feel yourself slow down.
You tentacle-slap Natasha.
Natasha is moderately wounded.
You constrict Natasha, but do no damage.
Natasha closely misses you.
You barely miss Natasha. Your squeeze misses Natasha.
Natasha is moderately wounded.
You constrict Natasha. Natasha barely misses you. Natasha claws you!
* * * LOW HITPOINT WARNING * * *
You tentacle-slap Natasha.
Natasha is heavily wounded.
You constrict Natasha. Natasha claws you.
* * * LOW HITPOINT WARNING * * *
You tentacle-slap Natasha.
Natasha is almost dead.
You constrict Natasha, but do no damage.
Natasha claws you!
You die...

#####.###........############.#
....#.##.[....................#
......##.##...##.####..).....##
###.####.#######.# #.######.#
#.####.# #.####.######.####
##.....# #.................
########## #.####.#####.#####
#∩### #.# #.# ##.## ._..# #@#
#.####.#.#### ..[.######## #h#
#.....###.... .÷.#.......#
#5#####...## ##.## ..)..#####.#
#........## ##.# ....## #.#
#.##.###..## ##.## ##### #.#
#.##.# ##..###..# #.# #.##.#
#.#.#.#.# #.# #.##.# #.##.##.##
#.# #.##.####.##......


You could see Natasha and a crimson imp.

Vanquished Creatures
  A jelly (D:2)
  Natasha (D:2)
  2 dart slugs (D:1)
  A leopard gecko (D:1)
  2 giant cockroaches (D:1)
  4 hobgoblins (D:1)
  2 jackals (D:1)
  4 bats
  2 frilled lizards (D:1)
  3 goblins
  5 kobolds
  2 rats
29 creatures vanquished.

Vanquished Creatures (collateral kills)
  A hound (D:2)
  Natasha (D:2)
2 creatures vanquished.

Grand Total: 31 creatures vanquished

Notes
Turn   | Place    | Note
-------+----------+-------------------------------------------
     0 | D:1      | seyes the Octopode Transmuter began the quest for the Orb.
     0 | D:1      | Reached XP level 1. HP: 13/13 MP: 3/3
    48 | D:1      | You fall through a shaft!
    53 | D:2      | Noticed Natasha
   234 | D:2      | Found a burning altar of Makhleb.
   234 | D:2      | Noticed a hound
   300 | D:1      | Reached XP level 2. HP: 13/18 MP: 3/5
   512 | D:1      | Reached skill level 3 in Transmutations
   522 | D:1      | Learned a level 2 spell: Sticks to Snakes
   915 | D:1      | Reached XP level 3. HP: 12/23 MP: 6/6
  1566 | D:2      | Killed Natasha
  1680 | D:2      | Reached skill level 4 in Transmutations
  1751 | D:2      | Reached XP level 4. HP: 28/28 MP: 7/7
  1927 | D:2      | Noticed Natasha
  1934 | D:2      | Killed Natasha
  1934 | D:2      | Reached skill level 5 in Transmutations
  1934 | D:2      | Reached XP level 5. HP: 11/33 MP: 6/8
  1959 | D:2      | Noticed Natasha
  1971 | D:2      | Slain by Natasha

Skill      XL: |  1  2  3  4 |
---------------+-------------+-----
Transmutations | 3 4 5 |  5.1
Fighting       | |  1.0
Dodging        | |  2.0
Unarmed Combat | |  3.0
Spellcasting   | |  2.0

Action                   |  1- 3 |  4- 6 || total
-------------------------+-------+-------++-------
Melee: Unarmed           |    59 |    17 ||    76
       Constrict         |    17 |     3 ||    20
       Kick              |     6 |     3 ||     9
       Tentacles         |    10 |     2 ||    12
       Punch             |     1 |       ||     1
Throw: Stone             |     2 |       ||     2
       Javelin           |     4 |     1 ||     5
 Cast: Beastly Appendage |     9 |     3 ||    12
       Sticks to Snakes  |     1 |     3 ||     4
 Stab: Sleeping          |     5 |       ||     5
  Eat: Chunk             |     3 |     1 ||     4
Armor: Skin              |     4 |     1 ||     5
Dodge: Dodged            |    27 |     5 ||    32
